 Dungeon Crawl Stone Soup version 0.20.0-15-g7f486f2 (webtiles) character file.

86 greprep the Grave Robber (level 4, -6/36 HPs)
             Began as a Deep Dwarf Necromancer on June 29, 2017.
             Killed by divine providence
             ... invoked by an orc priest
              (10 damage)
             ... on level 3 of the Dungeon.
             The game lasted 00:06:32 (2767 turns).

greprep the Grave Robber (Deep Dwarf Necromancer)   Turns: 2767, Time: 00:06:33

Health: -6/36      AC: 10    Str: 11    XL:     4   Next: 27%
Magic:  1/7        EV: 13    Int: 17    God:
Gold:   81         SH:  0    Dex: 13    Spells: 4/8 levels left

rFire    + . .     SeeInvis .   f - +0 dagger (protect)
rCold    + . .     Gourm    .   (no shield)
rNeg     . . .     Faith    .   a - +0 robe
rPois    +         Spirit   .   (no helmet)
rElec    +         Reflect  .   (no cloak)
rCorr    +         Harm     .   o - +0 pair of gloves
MR       .....                  (no boots)
Stlth    +++.......             (no amulet)
Regen    0.0/turn               r - ring of stealth
MPRegen  0.1/turn               (no ring)

@: resistant, protection aura, very slightly contaminated, non-regenerating
A: damage resistance, heal wounds, sense surroundings 1, no regeneration
a: Heal Wounds


You were on level 3 of the Dungeon.
You were very hungry.

You visited 1 branch of the dungeon, and saw 3 of its levels.

You collected 81 gold pieces.

Inventory:

Hand Weapons
 f - a +0 dagger of protection (weapon)
Missiles
 g - 16 arrows
Armour
 a - a +0 robe (worn)
 k - a +0 buckler
 o - a +0 pair of gloves (worn)
Jewellery
 r - a ring of stealth (left hand)
Scrolls
 e - 5 scrolls of enchant weapon {unknown}
 h - a scroll of recharging {unknown}
 i - a scroll of identify {unknown}
 m - a scroll of teleportation {unknown}
 n - a scroll of fog {unknown}
 p - a scroll of fear {unknown}
 q - a scroll of remove curse {unknown}
 t - a scroll of enchant armour {unknown}
Potions
 d - 2 potions of agility {unknown}
 j - a potion of resistance
 l - 2 potions of curing {unknown}
Books
 b - a book of Necromancy

   Spells                             Type                      Level
   a - Pain                           Necromancy                   1
   b - Animate Skeleton               Necromancy                   1
   c - Vampiric Draining              Necromancy                   3
   d - Regeneration                   Charms/Necromancy            3
   e - Animate Dead                   Necromancy                   4
   f - Control Undead                 Necromancy                   4
Comestibles
 c - 2 bread rations
 s - 2 fruits


   Skills:
 + Level 0.6 Short Blades
 * Level 1.4 Armour
 * Level 2.6 Dodging
 - Level 2.4 Stealth
 * Level 0.9 Shields
 + Level 2.5 Spellcasting
 + Level 5.0 Necromancy


You had 4 spell levels left.
You knew the following spells:

 Your Spells              Type           Power        Failure   Level  Hunger
a - Pain                  Necr           ###.         2%          1    #......
b - Vampiric Draining     Necr           ###.......   7%          3    ###....


Dungeon Overview and Level Annotations

Branches:
Dungeon (3/15)

Altars:
Ashenzari


Innate Abilities, Weirdness & Mutations

You are resistant to damage.
You can heal yourself by infusing magical energy.
You passively map a small area around you.
You do not regenerate.


Message History

Aiming: Vampiric Draining
Press: ? - help, Shift-Dir - straight line, f/p - hobgoblin
Aim: a hobgoblin, wielding a club (severely wounded)
You kill the hobgoblin!
You feel life coursing into your body.
Casting: Vampiric Draining
Confirm with . or Enter, or press ? or * to list all spells.
You don't have enough magic to cast that spell.
You hit the orc but do no damage. The orc barely misses you.
The orc priest casts a cantrip, but nothing happens.
You feel protected. The orc closely misses you.
You closely miss the orc. The orc closely misses you.
The orc priest calls down the wrath of Beogh upon you.
Beogh smites you!
* * * LOW HITPOINT WARNING * * *
Unknown command.
The orc priest invokes the aid of Beogh against you.
Beogh smites you!
You die...

, *........# #.###... ,
, * #.....# #.# #... ,.
.o#.....# #.# #...
.........o#######.###...
+
.....#...#)............†
.... #####............##
,.....#####oo..........#
#........oo...........#
#......@##............#
##+(....######.########
** * +.....+ , #.#
**#.....#,,* #.# *
#.....# ..# , #.....#
..# #.....# .# *#######
, * #### , , * #...


You could see 2 orc priests and 2 orcs.

Vanquished Creatures
  2 adders
  A dart slug (D:2)
  4 leopard geckos
  2 ball pythons
  5 giant cockroaches
  10 goblins
  10 hobgoblins
  3 jackals (D:2)
  8 bats
  A frilled lizard (D:1)
  5 kobolds
  5 rats
56 creatures vanquished.

Notes
Turn   | Place    | Note
-------+----------+-------------------------------------------
     0 | D:1      | greprep the Deep Dwarf Necromancer began the quest for the Orb.
     0 | D:1      | Reached XP level 1. HP: 15/15 MP: 3/3
   592 | D:1      | Reached XP level 2. HP: 17/22 MP: 0/4
  1237 | D:1      | Reached skill level 1 in Armour
  1662 | D:1      | Reached XP level 3. HP: 10/28 MP: 1/6
  1667 | D:1      | Learned a level 3 spell: Vampiric Draining
  2022 | D:2      | Reached skill level 5 in Necromancy
  2320 | D:2      | Reached XP level 4. HP: 30/36 MP: 3/7
  2630 | D:3      | Found a shattered altar of Ashenzari.
  2767 | D:3      | Killed from afar by an orc priest

Skill      XL: |  1  2  3 |
---------------+----------+-----
Spellcasting   | 2 |  2.5
Armour         | 1 |  1.4
Necromancy     | 5 |  5.0
Short Blades   | |  0.6
Dodging        | |  2.6
Stealth        | |  2.4
Shields        | |  0.9

Action                   |  1- 3 |  4- 6 || total
-------------------------+-------+-------++-------
Melee: Dagger            |   142 |    32 ||   174
       Unarmed           |     2 |       ||     2
 Cast: Pain              |    36 |       ||    36
       Vampiric Draining |    11 |     3 ||    14
  Use: Potion            |       |     1 ||     1
 Stab: Sleeping          |     7 |     3 ||    10
  Eat: Chunk             |     6 |     1 ||     7
Armor: Robe              |    55 |     2 ||    57
Dodge: Dodged            |    95 |    24 ||   119
